 Dungeon Crawl Stone Soup version 0.28-a0-1565-g95a8017c83 (webtiles) character file.

Game seed: 9958164084611856064

9 sanka the Prestidigitator (level 2, 22/23 HPs)
             Began as a Gnoll Wanderer on Jan 19, 2022.
             Quit the game on level 1 of the Dungeon.
             The game lasted 00:00:40 (484 turns).

sanka the Prestidigitator (Gnoll Wanderer)           Turns: 484, Time: 00:00:40

Health: 22/23      AC:  2    Str: 11    XL:     2   Next: 16%
Magic:  2/2        EV: 11    Int: 12    God:
Gold:   11         SH:  4    Dex: 10    Spells: 1/1 levels left

rFire   . . .      SeeInvis .   a - +0 spear
rCold   . . .      Faith    .   c - +0 buckler
rNeg    . . .      Spirit   .   d - +0 robe
rPois   .          Reflect  .   (no helmet)
rElec   .          Harm     .   (no cloak)
rCorr   .          Rampage  .   (no gloves)
Will    .....                   (no boots)
Stlth   +.........              (no amulet)
HPRegen 0.07/turn               (no ring)
MPRegen 0.08/turn               (no ring)

@: no status effects
A: fangs 1, strong nose, distributed training
a: no special abilities


You were on level 1 of the Dungeon.
You visited 1 branch of the dungeon, and saw 1 of its levels.

You collected 11 gold pieces.


Innate Abilities, Weirdness & Mutations

You have very sharp teeth.
Your uncanny sense of smell can sniff out nearby items.
Your experience applies equally to all skills.


   Skills:
 + Level 2.4 Fighting
 + Level 0.3 Short Blades
 + Level 0.3 Long Blades
 + Level 0.3 Axes
 + Level 0.3 Maces & Flails
 + Level 6.4 Polearms
 + Level 0.3 Staves
 + Level 0.3 Slings
 + Level 0.3 Bows
 + Level 0.3 Crossbows
 + Level 0.3 Throwing
 + Level 0.3 Armour
 + Level 0.3 Dodging
 + Level 0.3 Stealth
 + Level 2.4 Shields
 + Level 0.3 Unarmed Combat
 + Level 0.3 Spellcasting
 + Level 0.2 Conjurations
 + Level 0.2 Hexes
 + Level 0.2 Summonings
 + Level 0.2 Necromancy
 + Level 0.2 Translocations
 + Level 0.2 Transmutations
 + Level 0.2 Fire Magic
 + Level 0.2 Ice Magic
 + Level 0.2 Air Magic
 + Level 0.2 Earth Magic
 + Level 0.2 Poison Magic
 + Level 0.4 Invocations
 + Level 10.4 Evocations


You had one spell level left.
You didn't know any spells.
Your spell library was empty.

Inventory:

Hand Weapons
 a - a +0 spear (weapon)
Armour
 c - a +0 buckler (worn)
 d - a +0 robe (worn)
Jewellery
 e - a ring of fire
Scrolls
 f - a scroll of vulnerability {unknown}
Miscellaneous
 b - a box of beasts (inert) (quivered)

Dungeon Overview and Level Annotations

Branches:
Dungeon (1/15)

Altars:

▒▒ ▒.▒ ... .▒▒.▒ ▒▒.. .▒
▒ .... ...▒ .▒ ▒. ▒..▒
▒..▒..▒ ▒.▒▒..▒
▒..▒..▒▒▒
▒.....▒▒▒..▒.....
▒.....)....▒▒
▒▒▒..▒▒▒......▒▒
▒▒.▒..▒▒▒.g.....▒
▒▒▒▒▒▒▒..........†.....▒
.......................+
▒▒▒▒▒▒▒...▒.▒▒.........▒
.......▒▒▒.......▒▒
▒.▒▒▒▒▒▒▒ ▒▒.....▒▒ ▒.
▒▒...▒▒ . ▒+▒▒ ▒▒


There were no monsters in sight!


Message History

The endoplasm is almost dead.
You block the endoplasm's attack.
You hit the endoplasm but do no damage.
The endoplasm is almost dead.
The endoplasm freezes you.
You are frozen.
You hit the endoplasm.
You kill the endoplasm!
There is a stone staircase leading down here.
Found a dagger.
A frilled lizard comes into view.
The frilled lizard hisses angrily.
A frilled lizard is nearby!
A frilled lizard is nearby!
A frilled lizard is nearby!
You reach to attack!
You miss the frilled lizard. You completely miss the frilled lizard.
You barely miss the frilled lizard. You block the frilled lizard's attack.
You hit the frilled lizard but do no damage.
The frilled lizard closely misses you.
You closely miss the frilled lizard. The frilled lizard bites you.
You hit the frilled lizard.
You kill the frilled lizard!
No target in view!
No target in view!
Unknown command.
Are you sure you want to abandon this character and quit the game? (Confirm with "yes".)

Action                   || total
-------------------------++-------
Melee: Spear             ||    28
       Bite              ||     1
Evoke: Box of beasts     ||     1
 Stab: Sleeping          ||     1
Armor: Robe              ||     1
Dodge: Dodged            ||     2
Block: Buckler           ||     4

Levels and vault maps discovered:
D:1:      onia_arrival_handbag, layout_loops_corners, serial_shops,
          nicolae_shop_overgrown_old_shop

Notes
Turn   | Place    | Note
-------+----------+-------------------------------------------
     0 | D:1      | Reached skill level 10 in Evocations
     0 | D:1      | sanka the Gnoll Wanderer began the quest for the Orb.
     0 | D:1      | sanka set off with the following items: a +0 spear, a box
                  | of beasts, a +0 buckler, a +0 robe
     0 | D:1      | Reached XP level 1. HP: 17/17 MP: 1/1
   232 | D:1      | Reached XP level 2. HP: 23/23 MP: 2/2
   484 | D:1      | Quit the game

Vanquished Creatures
  2 ball pythons (D:1)
  2 endoplasms (D:1)
  A giant cockroach (D:1)
  A frilled lizard (D:1)
  2 rats (D:1)
8 creatures vanquished.

Vanquished Creatures (collateral kills)
  A ball python (D:1)
  A rat (D:1)
2 creatures vanquished.

Grand Total: 10 creatures vanquished
